AoeStats
← BlossomForce

Four Lakes

510043981Analyzed
1v1 RM · 3d ago on Sep 29, 2026· 37m 20s· 2 players
Game mode
Random Map
Map size
Tiny (2 player)
Population
200
Speed
Normal
Resources
Standard
Victory
Conquest
Starting age
Dark Age
Ending age
Imperial Age
RankedLock teamsTeams togetherTeam positionsShared explorationLock speedFull tech treeHidden civsTurbo modeCheats
Victory
Defeat
🇦🇺 Malay · Australia
873
+14
🇺🇸 Varangians · United States
838
-14
BlossomForce
7:19 Loom
12:07 Feudal Age
14:36 Double-Bit Axe
15:08 Bloodlines
17:59 Castle Age
20:49 Fishing Lines
22:02 Bloodlines
21:54 Husbandry
23:10 Atonement
26:12 Fervor
26:04 Devotion
26:20 Horse Collar
32:17 Scale Barding Armor
32:03 Fletching
34:18 Forging
35:41 Scale Mail Armor
35:38 Bodkin Arrow
36:04 Chain Barding Armor
SiPol311
5:50 Loom
11:35 Feudal Age
11:29 Double-Bit Axe
14:55 Forging
14:36 Fletching
19:34 Castle Age
19:25 Wheelbarrow
18:35 Pikeman
20:38 Bodkin Arrow
20:59 Squires
21:37 Crossbowman
23:02 Redemption
24:38 Iron Casting
25:17 Bow Saw
25:55 Padded Archer Armor
25:58 Husbandry
28:49 Light Cavalry
30:44 Ballistics
30:20 Murder Holes
31:57 Leather Archer Armor
32:00 Thumb Ring
34:43 Scale Barding Armor
39:16 Imperial Age
37:35 Hand Cart
37:06 Town Watch
Connection lost

Rejoining the realm…

Still unreachable

The connection could not be restored.

Session expired

The server has moved on; the page needs a fresh start.